cohdb
Replays
Latest Replays
All Replays
Popular Replays
Top Player Replays
Match Explorer
How It Works
Community
CoH3 Stats
Reddit
Sign in to upload your games and track your stats! →
Sign in with Steam
Match 42819202
Unlisted
Match 42819202
Overview
Messages
Build Orders
End
Kradschützen Motorcycle Team
Panzergrenadier Squad
Panzergrenadier Squad
Construct Light Support Kompanie
Fire Support Elements
le.IG 18 Support Gun Team
Selects Battlefield Espionage Battlegroup
Selects 250/3 Funkpanzerwagen
Selects Sector Subterfuge Beacon
Pak 38 Mechanized Group
MG34 Team
Assault Grenadier Squad
Selects Anti-Tank Incendiary Munitions
Construct Panzerarmee Kommand
Walking Stuka Rocket Launcher
Rolling9Deep
Joe™
Dave
Geno 21
Scooter
RayneFall
0
0
Comments
sign in to comment!
No comments posted yet!